 Dungeon Crawl Stone Soup version 0.30.1-4-g462c640d31 (webtiles) character file.

Game seed: 7832153795662463939

2948 Kurtz the Cleaver (level 9, -1/56 HPs)
             Began as a Tengu Fighter on Sept 18, 2023.
             Slain by a vault guard
             ... wielding a +0 broad axe
              (15 damage)
             ... in a bailey.
             The game lasted 00:07:28 (5220 turns).

Kurtz the Cleaver (Tengu Fighter)                   Turns: 5220, Time: 00:07:29

Health: -1/56      AC: 10    Str: 21    XL:     9   Next: 81%
Magic:  0/10       EV: 11    Int:  8    God:
Gold:   396        SH:  7    Dex: 14    Spells: 8/8 levels left

rFire   . . .        h - +1 hand axe (vamp)
rCold   . . .        B - +2 buckler
rNeg    . . .        p - +0 chain mail
rPois   +            (helmet restricted)
rElec   .            (no cloak)
rCorr   .            C - +0 pair of gloves
SInv    .            (boots unavailable)
Will    .....        n - amulet of guardian spirit Stlth
                     y - ring of poison resistance
HPRegen 0.29/turn    (no ring)
MPRegen 0.12/turn

%: guardian spirit
@: flying quickly and evasively, quick
A: beak, talons 3, nimble flight
a: no special abilities


You were in a bailey.
You visited 1 branch of the dungeon, and saw 7 of its levels.
You also visited: Bailey.

You collected 396 gold pieces.

Inventory:

Hand Weapons
 a - a +0 war axe of freezing
 d - a +0 broad axe
 h - a +1 vampiric hand axe (weapon)
 k - a +1 heavy hand axe
Missiles
 j - 16 poisoned darts (quivered)
Armour
 b - a +0 scale mail
 c - a +0 buckler
 p - a +0 chain mail (worn)
 x - a +0 plate armour
 B - a +2 buckler (worn)
 C - a +0 pair of gloves (worn)
Jewellery
 l - a ring of fire
 n - an amulet of guardian spirit (around neck)
 y - a ring of poison resistance (left hand)
Wands
 o - a wand of flame (8)
 r - a wand of light (2)
 t - a wand of digging (13)
Scrolls
 e - 2 scrolls of fear
 g - 3 scrolls of teleportation
 m - a scroll of noise
 u - a scroll of amnesia
 D - 2 scrolls of blinking
Potions
 f - a potion of invisibility {unknown}
 i - a potion of curing
 q - 2 potions of brilliance
 s - 2 potions of flight {unknown}
 v - a potion of cancellation {unknown}
 w - 2 potions of heal wounds {unknown}
 z - a potion of mutation {unknown}
 A - a potion of degeneration {unknown}
 E - a potion of lignification {unknown}


   Skills:
 * Level 6.8 Fighting
 * Level 11.4 Axes
 - Level 3.2 Armour
 * Level 4.5 Dodging
 * Level 4.6 Shields


You had 8 spell levels left.
You didn't know any spells.
Your spell library was empty.

Dungeon Overview and Level Annotations

Branches:
Dungeon (7/15)             Bailey (1/1)
 Temple: D:4-7

Altars:
Ashenzari
Gozag
Xom
Zin


Innate Abilities, Weirdness & Mutations

You have a beak for a mouth.
You have claws for feet.
Your magical nature lets you fly swiftly and evasively.


Message History

The vault guard is heavily wounded.
You hit the vault guard.
You feel better.
The vault guard is heavily wounded.
The vault guard splashes around in the water.
You closely miss the vault guard.
You claw the vault guard, but do no damage.
The vault guard is heavily wounded.
The vault guard hits you but does no damage.
You hit the vault guard but do no damage.
The vault guard is heavily wounded.
You block the vault guard's attack.
You hit the vault guard but do no damage.
Your kick misses the vault guard.
The vault guard is heavily wounded.
You slash the vault guard!
You claw the vault guard, but do no damage.
You peck the vault guard, but do no damage.
The vault guard is severely wounded.
You block the vault guard's attack.
You slash the vault guard! Your peck misses the vault guard.
The vault guard is severely wounded.
The vault guard hits you with a +0 broad axe!
You hit the vault guard.
You feel better.
You claw the vault guard, but do no damage.
Your peck misses the vault guard.
The vault guard is almost dead.
The vault guard barely misses you.
You hit the vault guard but do no damage.
You claw the vault guard, but do no damage.
The vault guard is severely wounded.
You hit the vault guard but do no damage.
Your kick misses the vault guard. Your peck misses the vault guard.
The vault guard is severely wounded.
The vault guard hits you with a +0 broad axe!
* * * LOW HITPOINT WARNING * * *
You hit the vault guard but do no damage.
You claw the vault guard. Your peck misses the vault guard.
The vault guard is almost dead.
The vault guard hits you with a +0 broad axe!!
You die...

### ##.. ####### +..∩
###≈≈≈≈≈### ######...
##≈≈~~@p~≈≈##+#..).'..∩
##≈~~~~~~~~~≈#....))##..
#≈~~~~~~~~~≈##.......###
#######~.....~.~≈#######...#
#?....##.~....~.)≈≈≈#..##).#
?!.....#........[..÷#..#...#
!...∩..'.~..~~~~~)..'..#...#
!$.....#....~~≈≈≈≈~÷#..)..##
#!....##...~≈≈####≈≈#....##


You could see a vault guard.

Vanquished Creatures
  A vault guard (Bailey)
  Grinder (D:5)
  Prince Ribbit (Bailey)
  A human (Bailey)
  A sky beast (D:5)
  2 ice beasts
  An ogre (D:4)
  A kobold brigand (D:6)
  10 bullfrogs
  A howler monkey (D:6)
  7 hounds
  2 jellies (D:5)
  3 iguanas
  Natasha (D:2)
  3 sleepcaps
  An orc wizard (D:3)
  Robin (D:3)
  8 adders
  A gnoll (D:5)
  A shadow imp (D:6)
  5 dart slugs
  20 orcs
  2 ball pythons (D:1)
  4 endoplasms
  3 giant cockroaches (D:4)
  15 goblins
  12 hobgoblins
  5 jackals
  2 quokkas
  A bat (D:3)
  4 frilled lizards
  13 kobolds
  5 rats
139 creatures vanquished.

Notes
Turn   | Place    | Note
-------+----------+-------------------------------------------
     0 | D:1      | Kurtz the Tengu Fighter began the quest for the Orb.
     0 | D:1      | Reached XP level 1. HP: 14/14 MP: 2/2
   162 | D:1      | Found a faded altar of an unknown god.
   174 | D:1      | Reached XP level 2. HP: 19/19 MP: 3/3
   512 | D:2      | Reached skill level 1 in Dodging
   512 | D:2      | Reached XP level 3. HP: 13/23 MP: 4/4
   756 | D:2      | Reached skill level 3 in Axes
  1151 | D:2      | Noticed Natasha
  1159 | D:2      | Killed Natasha
  1160 | D:2      | Reached XP level 4. HP: 24/29 MP: 3/5
  1444 | D:3      | Noticed Robin
  1450 | D:3      | Killed Robin
  1451 | D:3      | Reached skill level 4 in Axes
  1511 | D:3      | Gained mutation: Your magical nature lets you fly swiftly
                  | and evasively. [Tengu growth]
  1511 | D:3      | Reached XP level 5. HP: 29/33 MP: 4/6
  1817 | D:3      | Found a glowing silver altar of Zin.
  1817 | D:3      | Noticed an angel
  2206 | D:4      | Reached skill level 5 in Axes
  2275 | D:4      | Reached XP level 6. HP: 38/38 MP: 7/7
  2440 | D:4      | Reached skill level 6 in Axes
  2627 | D:5      | Entered Level 5 of the Dungeon
  2691 | D:5      | Found an opulent altar of Gozag.
  2720 | D:5      | Noticed Grinder
  2727 | D:5      | Paralysed by Grinder for 4 turns
  2738 | D:5      | Paralysed by Grinder for 4 turns
  2748 | D:5      | Killed Grinder
  2749 | D:5      | Reached skill level 7 in Axes
  2749 | D:5      | Reached XP level 7. HP: 6/44 MP: 2/8
  3553 | D:5      | Found a shimmering altar of Xom.
  3554 | D:5      | Found a shimmering altar of Xom.
  3561 | D:5      | Found a shimmering altar of Xom.
  3828 | D:5      | Reached skill level 5 in Fighting
  3828 | D:5      | Reached skill level 8 in Axes
  3828 | D:5      | Reached XP level 8. HP: 49/49 MP: 9/9
  4233 | D:6      | Reached skill level 9 in Axes
  4727 | D:7      | Found a broken altar of Ashenzari.
  4810 | D:7      | Found a flagged portal.
  4825 | Bailey   | Entered a bailey
  4893 | Bailey   | Reached XP level 9. HP: 45/55 MP: 5/10
  4896 | Bailey   | Reached skill level 10 in Axes
  4921 | Bailey   | Noticed Prince Ribbit
  4941 | Bailey   | Killed Prince Ribbit
  5009 | Bailey   | Noticed a vault guard
  5043 | Bailey   | Killed a vault guard
  5044 | Bailey   | Reached skill level 11 in Axes
  5148 | Bailey   | Noticed a vault guard
  5220 | Bailey   | Slain by a vault guard

Illustrated notes

Levels and vault maps discovered:
D:1:      dpeg_arrival_castle, layout_rooms, dreamdust_ecumenical_altar_statues,
          patterned_corridor
D:2:      layout_loops_ring, lightli_corner_chamber, uniq_natasha
D:3:      layout_loops_ring, zin_angel, uniq_robin
D:4:      layout_cave_pools
D:5:      kennysheep_six_static_rooms, layout_basic, xom_redecorated,
          grunt_gozag_breadcrumbs, uniq_grinder
D:6:      layout_rooms
D:7:      layout_rooms, mainiacjoe_overflow_paths,
          nicolae_qazlal_style_of_elements, minmay_temple_entry_grid,
          enter_bailey_2, uniq_pikel, uniq_joseph
Bailey:   bailey_axe_froggy_fort_hellmonk, bailey

Skill      XL: |  1  2  3  4  5  6  7  8  9 |
---------------+----------------------------+-----
Dodging        | 1 2 3 4 |  4.5
Axes           | 3 4 5 7 8 9 11 | 11.4
Fighting       | 4 5 6 |  6.8
Shields        | 4 |  4.6
Armour         | |  3.2

Action                     |  1- 3 |  4- 6 |  7- 9 || total
---------------------------+-------+-------+-------++-------
  Melee: War axe           |    43 |   117 |   117 ||   277
         Peck              |     5 |    14 |    33 ||    52
         Kick              |     6 |    24 |    73 ||   103
         Hand axe          |       |       |   100 ||   100
  Evoke: Wand              |       |     5 |    12 ||    17
    Use: Potion            |       |     1 |     1 ||     2
         Scroll            |       |       |     8 ||     8
   Stab: Invisible         |       |     1 |       ||     1
 Armour: Scale mail        |    17 |       |       ||    17
         Chain mail        |     1 |    71 |    71 ||   143
  Dodge: Dodged            |    19 |    43 |    67 ||   129
  Block: Buckler           |     8 |    25 |    60 ||    93
